[ PARTIDA AOE2 · #495768399 ]
UnrankedTupíes vs Maya
Equipo del jugador · DERR
Equipo rival · VICT
[ ANÁLISIS DE REPETICIÓN · EXTRAÍDO DE LA PARTIDA GRABADA ]
Feudal
8:51
Castillos
—
Imperial
—
| APM promedio | 61.4 |
| APM pico | 82 |
| eAPM promedio | 26.1 |
| Aldeanos / militares | 49 / 19 |
Foco
⚔️ 30.0% · 🌾 70.0%
Archer ×14 · Skirmisher ×5 · Unknown (2550) ×4
Feudal
8:55
Castillos
—
Imperial
—
| APM promedio | 81.1 |
| APM pico | 149 |
| eAPM promedio | 45.8 |
| Aldeanos / militares | 61 / 25 |
Foco
⚔️ 60.7% · 🌾 39.3%
Archer ×15 · Militia ×5 · Eagle Scout ×5
Mapa de la partida
Recursos iniciales + cada clic de construcción. Líneas = muros · curvas = relieve. ◆ oro · ⬟ piedra · ● bayas · ✦ reliquia · ◌ hueco del cierre
Tu base· Abierta — flanco sin cerrar
Base de AiM | Whocl· Abierta — flanco sin cerrar
Terreno inicial suavizado · ◌ = hueco del cierre detectado · pasá el cursor para detalles
Inputs por minuto
— FE_FelipeR - - AiM | Whocl
Build order — FE_FelipeR
122 acciones detectadas en el replay
| 0:00 | Crear | Villager (Male) |
| 0:01 | Crear | Villager (Male) |
| 0:02 | Construir | House |
| 0:03 | Construir | House |
| 0:06 | Crear | Villager (Male) |
| 0:08 | Crear | Villager (Male) |
| 1:05 | Crear | Villager (Male) |
| 1:29 | Crear | Villager (Male) |
| 1:51 | Construir | Settlement |
| 1:57 | Crear | Villager (Male) |
| 2:01 | Construir | Settlement |
| 2:13 | Crear | Villager (Male) |
| 3:02 | Crear | Villager (Male) |
| 3:17 | Crear | Villager (Male) |
| 3:51 | Crear | Villager (Male) |
| 4:17 | Crear | Villager (Male) |
| 4:19 | Crear | Villager (Male) |
| 4:19 | Crear | Villager (Male) |
| 4:29 | Crear | Villager (Male) |
| 4:50 | Crear | Villager (Male) |
| 4:52 | Construir | Barracks |
| 5:44 | Construir | House |
| 6:04 | Investigar | Loom |
| 6:12 | Construir | Palisade Wall |
| 6:38 | Investigar | Feudal Age |
| 6:41 | Crear | Unit 2550 |
| 7:09 | Crear | Unit 2550 |
| 7:12 | Construir | Settlement |
| 7:15 | Crear | Unit 2550 |
| 7:42 | Construir | House |
| 7:44 | Construir | Palisade Wall |
| 8:51 | Edad | Edad Feudal |
| 8:51 | Investigar | Tech 1402 |
| 8:52 | Crear | Villager (Male) |
| 8:55 | Crear | Villager (Male) |
| 9:10 | Crear | Villager (Male) |
| 9:13 | Construir | Archery Range |
| 9:23 | Crear | Villager (Male) |
| 9:27 | Construir | House |
| 9:38 | Construir | Palisade Wall |
| 9:39 | Construir | Palisade Wall |
| 9:41 | Crear | Villager (Male) |
| 9:50 | Construir | Watch Tower |
| 10:15 | Crear | Villager (Male) |
| 10:55 | Construir | Archery Range |
| 11:27 | Crear | Archer |
| 11:39 | Construir | Farm |
| 11:55 | Construir | House |
| 11:57 | Crear | Villager (Male) |
| 12:04 | Crear | Villager (Male) |
| 12:26 | Crear | Skirmisher |
| 12:28 | Crear | Skirmisher |
| 12:32 | Crear | Villager (Male) |
| 12:33 | Crear | Villager (Male) |
| 12:57 | Crear | Villager (Male) |
| 13:12 | Crear | Villager (Male) |
| 13:16 | Construir | Settlement |
| 13:26 | Crear | Skirmisher |
| 13:37 | Crear | Villager (Male) |
| 13:37 | Crear | Villager (Male) |
| 13:51 | Construir | House |
| 13:58 | Crear | Skirmisher |
| 14:01 | Crear | Villager (Male) |
| 14:15 | Crear | Archer |
| 14:30 | Crear | Villager (Male) |
| 14:44 | Crear | Archer |
| 14:49 | Crear | Villager (Male) |
| 14:57 | Construir | House |
| 15:08 | Crear | Villager (Male) |
| 15:15 | Crear | Villager (Male) |
| 15:16 | Crear | Archer |
| 15:35 | Crear | Villager (Male) |
| 15:54 | Crear | Unit 2550 |
| 15:58 | Crear | Villager (Male) |
| 16:07 | Crear | Archer |
| 16:15 | Crear | Villager (Male) |
| 16:22 | Construir | Watch Tower |
| 16:28 | Crear | Skirmisher |
| 16:53 | Crear | Archer |
| 17:15 | Construir | Palisade Gate |
| 17:19 | Construir | House |
| 17:20 | Crear | Archer |
| 17:26 | Crear | Villager (Male) |
| 17:47 | Crear | Archer |
| 17:59 | Construir | Blacksmith |
| 18:01 | Construir | Farm |
| 18:04 | Construir | Farm |
| 18:21 | Crear | Archer |
| 18:23 | Construir | Outpost |
| 18:48 | Construir | Farm |
| 18:52 | Crear | Villager (Male) |
| 19:24 | Construir | Market |
| 19:38 | Construir | Farm |
| 19:45 | Crear | Villager (Male) |
| 19:48 | Construir | Farm |
| 19:55 | Construir | Farm |
| 20:06 | Crear | Archer |
| 20:11 | Investigar | Fletching |
| 20:15 | Construir | Farm |
| 20:16 | Construir | Palisade Wall |
| 20:17 | Crear | Villager (Male) |
| 20:21 | Construir | Farm |
| 20:41 | Crear | Villager (Male) |
| 20:44 | Construir | Watch Tower |
| 21:11 | Crear | Villager (Male) |
| 21:14 | Crear | Archer |
| 21:19 | Construir | Farm |
| 21:20 | Construir | House |
| 21:29 | Crear | Archer |
| 21:31 | Crear | Villager (Male) |
| 21:32 | Construir | Farm |
| 21:44 | Construir | House |
| 21:46 | Construir | Farm |
| 21:47 | Construir | Farm |
| 22:11 | Crear | Villager (Male) |
| 22:14 | Construir | Settlement |
| 22:18 | Crear | Archer |
| 22:31 | Construir | Farm |
| 22:31 | Crear | Villager (Male) |
| 22:43 | Crear | Villager (Male) |
| 23:02 | Crear | Archer |
| 23:11 | Crear | Villager (Male) |
Build order — AiM | Whocl
Primeras 150 de 188 acciones detectadas
| 0:01 | Investigar | Loom |
| 0:02 | Construir | House |
| 0:03 | Construir | House |
| 0:19 | Crear | Villager (Male) ×3 |
| 1:36 | Crear | Villager (Male) |
| 1:59 | Crear | Villager (Male) |
| 2:15 | Construir | Lumber Camp |
| 2:16 | Crear | Villager (Male) |
| 2:41 | Crear | Villager (Male) |
| 3:09 | Crear | Villager (Male) |
| 3:21 | Construir | House |
| 3:24 | Construir | House |
| 3:26 | Crear | Villager (Male) |
| 3:26 | Crear | Villager (Male) |
| 3:52 | Crear | Villager (Male) |
| 4:14 | Construir | Palisade Wall |
| 4:16 | Construir | Palisade Wall |
| 4:23 | Crear | Villager (Male) |
| 4:24 | Crear | Villager (Male) |
| 4:41 | Crear | Villager (Male) |
| 4:44 | Crear | Villager (Male) |
| 5:17 | Crear | Villager (Male) |
| 5:45 | Construir | Barracks |
| 6:16 | Crear | Villager (Male) |
| 6:28 | Construir | House |
| 6:45 | Investigar | Feudal Age |
| 7:05 | Crear | Militia |
| 7:20 | Crear | Militia |
| 7:24 | Construir | Mining Camp |
| 7:41 | Crear | Militia |
| 8:14 | Construir | Mining Camp |
| 8:24 | Construir | House |
| 8:55 | Edad | Edad Feudal |
| 8:57 | Construir | Palisade Wall |
| 8:58 | Construir | Palisade Wall |
| 8:59 | Construir | Palisade Wall |
| 9:00 | Construir | Palisade Wall |
| 9:05 | Construir | Palisade Wall |
| 9:06 | Construir | Palisade Wall |
| 9:07 | Construir | Palisade Wall |
| 9:10 | Investigar | Man-at-Arms (upgrade) |
| 9:14 | Crear | Villager (Male) |
| 9:33 | Construir | Watch Tower |
| 9:38 | Construir | Watch Tower |
| 9:39 | Construir | Palisade Wall |
| 9:40 | Construir | Palisade Wall |
| 9:46 | Crear | Villager (Male) |
| 9:56 | Crear | Villager (Male) |
| 10:09 | Construir | Palisade Wall |
| 10:11 | Construir | Mill |
| 10:20 | Crear | Villager (Male) |
| 10:37 | Construir | Watch Tower |
| 10:45 | Construir | House |
| 10:46 | Construir | House |
| 10:58 | Construir | Farm |
| 11:00 | Crear | Villager (Male) |
| 11:11 | Construir | Palisade Wall |
| 11:12 | Construir | Palisade Wall |
| 11:13 | Construir | Palisade Wall |
| 11:22 | Construir | Palisade Wall |
| 11:23 | Construir | Palisade Wall |
| 11:24 | Construir | Palisade Wall |
| 11:25 | Construir | Palisade Wall |
| 11:27 | Construir | Palisade Wall |
| 11:28 | Construir | Palisade Wall |
| 11:28 | Construir | Palisade Wall |
| 11:29 | Construir | Palisade Wall |
| 11:33 | Construir | Palisade Wall |
| 11:34 | Construir | Palisade Wall |
| 11:35 | Construir | Palisade Wall |
| 11:36 | Crear | Villager (Male) |
| 11:36 | Crear | Villager (Male) |
| 11:51 | Construir | Farm |
| 11:59 | Construir | House |
| 12:01 | Crear | Villager (Male) |
| 12:01 | Crear | Villager (Male) |
| 12:13 | Construir | Palisade Wall |
| 12:14 | Construir | Palisade Wall |
| 12:18 | Construir | House |
| 12:22 | Construir | House |
| 12:23 | Construir | House |
| 12:28 | Construir | House |
| 12:34 | Crear | Villager (Male) |
| 12:34 | Crear | Villager (Male) |
| 12:55 | Crear | Villager (Male) |
| 12:55 | Crear | Villager (Male) |
| 13:07 | Construir | Palisade Wall |
| 13:23 | Construir | Palisade Wall |
| 13:26 | Crear | Villager (Male) |
| 13:28 | Construir | Palisade Wall |
| 13:29 | Construir | Palisade Wall |
| 13:41 | Construir | Watch Tower |
| 13:46 | Crear | Militia |
| 14:04 | Crear | Militia |
| 14:07 | Construir | Farm |
| 14:07 | Construir | Farm |
| 14:26 | Crear | Villager (Male) |
| 14:26 | Crear | Villager (Male) |
| 14:47 | Crear | Villager (Male) |
| 14:47 | Crear | Villager (Male) |
| 14:49 | Construir | House |
| 14:50 | Construir | House |
| 15:03 | Construir | House |
| 15:05 | Construir | Palisade Wall |
| 15:06 | Construir | Palisade Wall |
| 15:07 | Construir | Palisade Wall |
| 15:08 | Construir | Palisade Wall |
| 15:11 | Crear | Villager (Male) |
| 15:15 | Construir | Archery Range |
| 15:25 | Crear | Eagle Scout |
| 15:26 | Construir | Palisade Wall |
| 15:27 | Construir | Palisade Wall |
| 15:28 | Construir | House |
| 15:48 | Crear | Eagle Scout |
| 15:49 | Crear | Villager (Male) |
| 16:07 | Construir | Palisade Wall |
| 16:11 | Crear | Archer |
| 16:14 | Crear | Villager (Male) |
| 16:15 | Construir | Palisade Wall |
| 16:25 | Construir | Stone Wall |
| 16:26 | Construir | Stone Wall |
| 16:27 | Construir | Stone Wall |
| 16:32 | Crear | Villager (Male) |
| 16:34 | Crear | Archer |
| 16:47 | Construir | Blacksmith |
| 16:47 | Crear | Villager (Male) |
| 16:48 | Crear | Villager (Male) |
| 16:53 | Crear | Eagle Scout |
| 17:04 | Construir | Stone Wall |
| 17:06 | Construir | Stone Wall |
| 17:06 | Construir | Stone Wall |
| 17:07 | Construir | Stone Wall |
| 17:12 | Crear | Villager (Male) |
| 17:19 | Crear | Archer |
| 17:22 | Construir | Palisade Wall |
| 17:40 | Crear | Villager (Male) |
| 17:50 | Construir | Farm |
| 17:51 | Construir | Farm |
| 17:51 | Construir | Farm |
| 17:52 | Crear | Villager (Male) |
| 18:01 | Crear | Eagle Scout |
| 18:19 | Crear | Villager (Male) |
| 18:23 | Investigar | Fletching |
| 18:42 | Construir | Outpost |
| 18:43 | Crear | Villager (Male) |
| 18:46 | Crear | Archer |
| 18:52 | Construir | Palisade Wall |
| 18:54 | Construir | House |
| 19:03 | Construir | House |
| 19:07 | Crear | Villager (Male) |
Cronología de la partida
| 4:14 | AiM | Whocl · wall_segment Palisade Wall x3 |
| 4:16 | AiM | Whocl · wall_segment Palisade Wall x3 |
| 4:52 | FE_FelipeR · first_building Barracks |
| 5:45 | AiM | Whocl · first_building Barracks |
| 6:12 | FE_FelipeR · wall_segment Palisade Wall x3 |
| 7:44 | FE_FelipeR · wall_segment Palisade Wall x10 |
| 8:51 | FE_FelipeR · age_up feudal |
| 8:55 | AiM | Whocl · age_up feudal |
| 8:57 | AiM | Whocl · wall_segment Palisade Wall x1 |
| 8:58 | AiM | Whocl · wall_segment Palisade Wall x1 |
| 8:59 | AiM | Whocl · wall_segment Palisade Wall x1 |
| 9:00 | AiM | Whocl · wall_segment Palisade Wall x1 |
| 9:05 | AiM | Whocl · wall_segment Palisade Wall x1 |
| 9:06 | AiM | Whocl · wall_segment Palisade Wall x1 |
| 9:07 | AiM | Whocl · wall_segment Palisade Wall x1 |
| 9:13 | FE_FelipeR · first_building Archery Range |
| 9:38 | FE_FelipeR · wall_segment Palisade Wall x4 |
| 9:39 | FE_FelipeR · wall_segment Palisade Wall x5 |
| 9:39 | AiM | Whocl · wall_segment Palisade Wall x1 |
| 9:40 | AiM | Whocl · wall_segment Palisade Wall x1 |
| 10:09 | AiM | Whocl · wall_segment Palisade Wall x1 |
| 11:11 | AiM | Whocl · wall_segment Palisade Wall x1 |
| 11:12 | AiM | Whocl · wall_segment Palisade Wall x1 |
| 11:13 | AiM | Whocl · wall_segment Palisade Wall x1 |
| 11:22 | AiM | Whocl · wall_segment Palisade Wall x1 |
| 11:23 | AiM | Whocl · wall_segment Palisade Wall x1 |
| 11:24 | AiM | Whocl · wall_segment Palisade Wall x1 |
| 11:25 | AiM | Whocl · wall_segment Palisade Wall x1 |
| 11:27 | AiM | Whocl · wall_segment Palisade Wall x1 |
| 11:28 | AiM | Whocl · wall_segment Palisade Wall x2 |
| 11:28 | AiM | Whocl · wall_segment Palisade Wall x1 |
| 11:29 | AiM | Whocl · wall_segment Palisade Wall x1 |
| 11:33 | AiM | Whocl · wall_segment Palisade Wall x1 |
| 11:34 | AiM | Whocl · wall_segment Palisade Wall x1 |
| 11:35 | AiM | Whocl · wall_segment Palisade Wall x1 |
| 12:13 | AiM | Whocl · wall_segment Palisade Wall x1 |
| 12:14 | AiM | Whocl · wall_segment Palisade Wall x1 |
| 13:07 | AiM | Whocl · wall_segment Palisade Wall x1 |
| 13:23 | AiM | Whocl · wall_segment Palisade Wall x1 |
| 13:28 | AiM | Whocl · wall_segment Palisade Wall x1 |
| 13:29 | AiM | Whocl · wall_segment Palisade Wall x1 |
| 15:05 | AiM | Whocl · wall_segment Palisade Wall x1 |
| 15:06 | AiM | Whocl · wall_segment Palisade Wall x1 |
| 15:07 | AiM | Whocl · wall_segment Palisade Wall x1 |
| 15:08 | AiM | Whocl · wall_segment Palisade Wall x1 |
| 15:15 | AiM | Whocl · first_building Archery Range |
| 15:26 | AiM | Whocl · wall_segment Palisade Wall x1 |
| 15:27 | AiM | Whocl · wall_segment Palisade Wall x1 |
| 16:07 | AiM | Whocl · wall_segment Palisade Wall x1 |
| 16:15 | AiM | Whocl · wall_segment Palisade Wall x1 |
| 16:25 | AiM | Whocl · wall_segment Stone Wall x1 |
| 16:26 | AiM | Whocl · wall_segment Stone Wall x1 |
| 16:27 | AiM | Whocl · wall_segment Stone Wall x1 |
| 17:04 | AiM | Whocl · wall_segment Stone Wall x1 |
| 17:06 | AiM | Whocl · wall_segment Stone Wall x1 |
| 17:06 | AiM | Whocl · wall_segment Stone Wall x1 |
| 17:07 | AiM | Whocl · wall_segment Stone Wall x1 |
| 17:22 | AiM | Whocl · wall_segment Palisade Wall x11 |
| 18:52 | AiM | Whocl · wall_segment Palisade Wall x1 |
| 20:10 | FE_FelipeR · first_market_buy 100 food |
| 20:16 | FE_FelipeR · wall_segment Palisade Wall x1 |
| 20:40 | FE_FelipeR · first_market_sell 100 wood |
| 23:24 | FE_FelipeR · resign |
[ ANÁLISIS IA · 1 CRÉDITO ]
¿Qué pasó realmente en esta partida?
Wolo.gg analiza cada decisión: build order, eco, micro, errores típicos por bracket. Análisis personalizado por WhatsApp o Discord en 30 segundos.
Guía civ
Tupíes
Perfil
Jugador #19778772